Canadiens vs Capitals

Created - 12 février 2018 at 20:56

Goals
1 2 3 T
Canadiens 3 1 1 5
Capitals 2 0 1 3
Shots
1 2 3 T
Canadiens 8 6 13 27
Capitals 10 4 6 20

1st period

1. Capitals , Cody Eakin 8 (Mike Green 22, Andrew Desjardins 6) at 6:45 (PP)
2. Capitals , Lukas Sedlak 6 (Ryan McDonagh 32, Morgan Rielly 9) at 7:03
3. Canadiens , Teuvo Teravainen 11 (Ivan Provorov 30, Artturi Lehkonen 4) at 7:25
4. Canadiens , Jakob Silfverberg 24 (Gustav Nyquist 25, Ian Cole 20) at 15:38
5. Canadiens , Josh Morrissey 2 (John Tavares 42, Ivan Provorov 31) at 17:21

Penalties :
Auston Matthews (MTL) for Hooking (Minor) at 0:57, Justin Abdelkader (MTL) for Holding Stick (Minor) at 5:40, Dmitri Orlov (WSH) for High sticking (Minor) at 19:56

2nd period

6. Canadiens , Cam Fowler 12 (Jakob Silfverberg 27, Auston Matthews 31) at 13:01

Penalties :
Ian Cole (MTL) for Roughing (Minor) at 4:32

3rd period

7. Canadiens , Auston Matthews 33 (Jakob Silfverberg 28, Cam Fowler 38) at 11:54
8. Capitals , Cody Eakin 9 (Mathieu Perreault 15, Dmitri Orlov 15) at 14:14

Penalties :
Ivan Provorov (MTL) for High sticking (Minor) at 14:43

Goalie Stats

Cam Talbot (MTL), 17 saves from 20 shots - (0.850), W, 31-12-4, 60:00 minutes
Chris Driedger (WSH), 14 saves from 15 shots - (0.933), 26:59 minutes
Cam Ward (WSH), 8 saves from 12 shots - (0.667), L, 30-20-5, 33:01 minutes

Players Stats for Canadiens

Player Name              G  A  P  +/- PIM S  H  SB GA TA FO     MP     PP MP  PK MP  
------------------------------------------------------------------------------------
Adam Larsson             0  0  0   2  0   0  3  1  0  0  0/0    21:17   1:08   3:06 
Artturi Lehkonen         0  1  1   1  0   1  0  1  0  0  1/1    12:29   0:00   0:23 
Auston Matthews          1  1  2   3  2   3  2  0  0  0  8/15   16:37   1:08   0:00 
Cam Fowler               1  1  2   2  0   2  0  0  0  0  0/0    21:45   0:51   3:51 
Gustav Nyquist           0  1  1   3  0   2  0  0  0  0  1/1    15:30   0:00   0:00 
Ian Cole                 0  1  1   0  2   0  2  2  0  0  0/0    19:56   0:00   2:17 
Ivan Provorov            0  2  2   1  2   1  0  0  0  0  0/0    17:57   0:51   0:51 
Jakob Silfverberg        1  2  3   3  0   3  0  0  0  0  0/0    20:41   0:51   4:20 
Jay Bouwmeester          0  0  0   0  0   1  0  2  0  0  0/0    21:39   0:00   3:59 
John Tavares             0  1  1   0  0   3  2  0  0  0  9/17   18:04   1:08   0:00 
Jordan Eberle            0  0  0   0  0   2  1  0  0  0  0/0    18:04   1:08   0:00 
Josh Morrissey           1  0  1   1  0   1  1  0  0  0  0/0    17:24   1:08   0:00 
Justin Abdelkader        0  0  0  -1  2   0  1  0  0  0  1/1     8:45   0:00   2:19 
Marcus Johansson         0  0  0   0  0   2  1  0  0  0  0/2    17:47   0:51   0:00 
Mike Ribeiro             0  0  0   1  0   1  0  1  0  0  6/13   12:57   0:51   0:00 
Nick Shore               0  0  0  -1  0   0  0  0  0  0  1/9     9:24   0:00   2:57 
Teuvo Teravainen         1  0  1   1  0   4  1  0  0  0  1/2    12:06   0:00   0:00 
Zack Smith               0  0  0  -1  0   1  1  0  0  0  3/7    10:32   0:00   4:05 

Players Stats for Capitals

Player Name              G  A  P  +/- PIM S  H  SB GA TA FO     MP     PP MP  PK MP  
------------------------------------------------------------------------------------
Alexander Ovechkin       0  0  0  -2  0   2  2  0  0  0  1/2    23:55   4:24   0:35 
Andrew Desjardins        0  1  1   0  0   0  2  1  0  0  0/0    16:19   2:08   0:00 
Calvin de Haan           0  0  0  -3  0   0  1  0  0  0  0/0    19:40   4:13   0:57 
Cody Eakin               2  0  2  -1  0   3  0  0  0  0  4/9    18:24   2:38   1:12 
David Desharnais         0  0  0   0  0   1  1  0  0  0  3/3    17:16   0:24   0:00 
Derek Dorsett            0  0  0  -1  0   1  0  0  0  0  0/0     6:37   0:30   0:00 
Dmitri Orlov             0  1  1   0  2   0  3  3  0  0  0/0    14:51   0:00   0:00 
Jack Johnson             0  0  0   0  0   0  1  2  0  0  0/0    20:32   2:49   1:02 
Lukas Sedlak             1  0  1   0  0   2  1  0  0  0  0/1    14:56   0:00   0:00 
Mathieu Perreault        0  1  1   0  0   1  0  0  0  0  1/6    11:00   0:00   0:00 
Mike Blunden             0  0  0  -1  0   0  0  0  0  0  0/0     6:07   0:00   0:00 
Mike Green               0  1  1  -3  0   3  3  0  0  0  0/0    19:37   4:13   0:57 
Morgan Rielly            0  1  1   0  0   0  0  1  0  0  0/0     5:40   0:00   0:00 
Ryan Kesler              0  0  0  -2  0   3  1  0  0  0  18/30  24:44   4:24   1:24 
Ryan McDonagh            0  1  1   0  0   1  0  1  0  0  0/0    25:31   2:49   1:02 
Sergey Kalinin           0  0  0   0  0   0  1  0  0  0  9/15   15:30   0:00   0:00 
Taylor Hall              0  0  0  -2  0   3  1  0  0  0  0/0    24:07   4:24   0:47 
Viktor Stalberg          0  0  0   0  0   0  3  0  0  0  1/2    13:14   2:14   0:00 

3 Stars

1 - Jakob Silfverberg (MTL)
2 - Auston Matthews (MTL)
3 - Cam Fowler (MTL)

Power Play

Canadiens - 0 on 1 Attempt(s) - 0.00%
Capitals - 1 on 4 Attempt(s) - 25.00%

Penalty Kill

Canadiens - 3 on 4 Attempt(s) - 75.00% - Score 0 goal in Penalty Kill
Capitals - 1 on 1 Attempt(s) - 100.00% - Score 0 goal in Penalty Kill

Team Stat

Canadiens - Hits : 15 - Faceoff Wins : 31 - Blocked Shots : 7 - Penalty Minutes : 8
Capitals - Hits : 20 - Faceoff Wins : 37 - Blocked Shots : 8 - Penalty Minutes : 2

Official

Referees : Tim Peel and Marc Joannette
Linesman : Scott Cherrey and Jonny Murray

Game Notes

Chris Driedger enters game at 13:01 of 2nd period

Finance

Level 1 -- Attendance: 2366 (36.40%) -- Ticket Income 591 500 $
Level 2 -- Attendance: 1668 (33.36%) -- Ticket Income 333 600 $
Level 3 -- Attendance: 907 (25.91%) -- Ticket Income 158 725 $
Level 4 -- Attendance: 660 (26.34%) -- Ticket Income 99 000 $
Luxury Box -- Attendance: 483 (48.30%) -- Ticket Income 193 200 $
Game was played at the Verizon Center.
Total Attendance: 6084 (32.88%)
Total Ticket Income: 1 376 025 $
Other Income: 206 404 $
Total Income: 1 582 429 $

% Time on Ice - Canadiens

Lines # - Real PCT - Wanted PCT - Time Play
Normal Forward
1 - 33% - 35% - 16:56
2 - 30% - 35% - 15:30
3 - 24% - 20% - 12:06
4 - 13% - 10% - 6:27
Normal Defense
1 - 33% - 35% - 17:03
2 - 35% - 35% - 17:40
3 - 16% - 15% - 8:22
4 - 15% - 15% - 7:54
PP Forward
1 - 57% - 55% - 1:08
2 - 43% - 45% - 0:51
PP Defense
1 - 43% - 50% - 0:51
2 - 57% - 50% - 1:08
PK Forward
1 - 58% - 55% - 4:05
2 - 42% - 45% - 2:57
PK Defense
1 - 51% - 55% - 3:37
2 - 49% - 45% - 3:25
PK3 Forward
1 - 0% - 60%
2 - 0% - 40%
PK3 Defense
1 - 0% - 55%
2 - 0% - 45%
44 Forward
1 - 0% - 50%
2 - 0% - 50%
44 Defense
1 - 0% - 50%
2 - 0% - 50%
Last Minute Offensive  - 0:00
Last Minute Defensive  - 0:00
Total
Forward - 60:00
Defense - 60:00

% Time on Ice - Capitals

Lines # - Real PCT - Wanted PCT - Time Play
Normal Forward
1 - 37% - 40% - 18:56
2 - 29% - 30% - 14:56
3 - 22% - 20% - 11:00
4 - 12% - 10% - 6:07
Normal Defense
1 - 33% - 40% - 16:41
2 - 28% - 30% - 14:27
3 - 28% - 20% - 14:11
4 - 11% - 10% - 5:40
PP Forward
1 - 63% - 60% - 4:24
2 - 37% - 40% - 2:38
PP Defense
1 - 40% - 60% - 2:49
2 - 60% - 40% - 4:13
PK Forward
1 - 71% - 60% - 1:24
2 - 29% - 40% - 0:35
PK Defense
1 - 52% - 60% - 1:02
2 - 48% - 40% - 0:57
PK3 Forward
1 - 0% - 60%
2 - 0% - 40%
PK3 Defense
1 - 0% - 60%
2 - 0% - 40%
44 Forward
1 - 0% - 60%
2 - 0% - 40%
44 Defense
1 - 0% - 60%
2 - 0% - 40%
Last Minute Offensive  - 0:00
Last Minute Defensive  - 0:00
Total
Forward - 60:00
Defense - 60:00

Play by Play

1st period


0:01 of 1st period - John Tavares wins face-off versus Ryan Kesler in neutral zone.
0:22 of 1st period - Shot by John Tavares.
0:22 of 1st period - Shot Blocked by Jack Johnson.
0:42 of 1st period - Shot by Alexander Ovechkin.
0:42 of 1st period - Shot Blocked by Adam Larsson.
0:57 of 1st period - Minor Penalty to Auston Matthews for Hooking.
0:58 of 1st period - Zack Smith wins face-off versus Viktor Stalberg in Canadiens zone.
1:47 of 1st period - Shot by Ryan Kesler.
1:47 of 1st period - Shot Hit the Post.
2:23 of 1st period - Shot by Mike Green.
2:23 of 1st period - Stopped by Cam Talbot without a rebound.
2:24 of 1st period - David Desharnais wins face-off versus Nick Shore in Canadiens zone.
2:37 of 1st period - Shot by Calvin de Haan.
2:37 of 1st period - Shot Misses the Net.
2:47 of 1st period - Shot by Mike Green.
2:47 of 1st period - Stopped by Cam Talbot without a rebound.
2:48 of 1st period - Zack Smith wins face-off versus Ryan Kesler in Canadiens zone.
3:41 of 1st period - Mike Ribeiro is hit by Sergey Kalinin.
3:48 of 1st period - Icing by Sergey Kalinin.
3:49 of 1st period - Auston Matthews wins face-off versus Sergey Kalinin in Capitals zone.
4:00 of 1st period - Ian Cole is hit by David Desharnais and loses puck.
4:13 of 1st period - Shot by Gustav Nyquist.
4:13 of 1st period - Shot Blocked by Jack Johnson.
4:59 of 1st period - Calvin de Haan is hit by John Tavares and loses puck.
5:20 of 1st period - Shot by Cody Eakin.
5:20 of 1st period - Shot Misses the Net.
5:40 of 1st period - Minor Penalty to Justin Abdelkader for Holding Stick.
5:41 of 1st period - Zack Smith wins face-off versus Ryan Kesler in Canadiens zone.
5:56 of 1st period - Shot by Ryan McDonagh.
5:56 of 1st period - Stopped by Cam Talbot with a rebound.
5:58 of 1st period - Shot by Ryan McDonagh.
5:58 of 1st period - Shot Blocked by Jay Bouwmeester.
6:00 of 1st period - Shot by Ryan Kesler.
6:00 of 1st period - Stopped by Cam Talbot with a rebound.
6:02 of 1st period - Shot by Jack Johnson.
6:02 of 1st period - Shot Misses the Net.
6:04 of 1st period - Shot by Ryan Kesler.
6:04 of 1st period - Shot Misses the Net.
6:06 of 1st period - Shot by Ryan McDonagh.
6:06 of 1st period - Shot Misses the Net.
6:28 of 1st period - Artturi Lehkonen is hit by Viktor Stalberg and loses puck.
6:43 of 1st period - Shot by Mike Green.
6:43 of 1st period - Shot Misses the Net.
6:45 of 1st period - Shot by Cody Eakin.
6:45 of 1st period - Goal by Cody Eakin - Canadiens : 0 - Capitals : 1.
6:46 of 1st period - John Tavares wins face-off versus Sergey Kalinin in neutral zone.
7:03 of 1st period - Shot by Lukas Sedlak.
7:03 of 1st period - Goal by Lukas Sedlak - Canadiens : 0 - Capitals : 2.
7:04 of 1st period - Cody Eakin wins face-off versus Mike Ribeiro in neutral zone.
7:25 of 1st period - Shot by Teuvo Teravainen.
7:25 of 1st period - Goal by Teuvo Teravainen - Canadiens : 1 - Capitals : 2.
7:26 of 1st period - Ryan Kesler wins face-off versus Auston Matthews in neutral zone.
7:58 of 1st period - Shot by Auston Matthews.
7:58 of 1st period - Stopped by Cam Ward without a rebound.
7:59 of 1st period - Sergey Kalinin wins face-off versus Nick Shore in Capitals zone.
8:09 of 1st period - Sergey Kalinin is hit by Adam Larsson and loses puck.
9:06 of 1st period - Marcus Johansson is hit by Calvin de Haan.
9:25 of 1st period - Icing by Ivan Provorov.
9:26 of 1st period - John Tavares wins face-off versus Mathieu Perreault in Canadiens zone.
9:53 of 1st period - Shot by Jakob Silfverberg.
9:53 of 1st period - Shot Misses the Net.
10:05 of 1st period - Shot by Auston Matthews.
10:05 of 1st period - Stopped by Cam Ward without a rebound.
10:06 of 1st period - Mike Ribeiro wins face-off versus Ryan Kesler in Capitals zone.
10:09 of 1st period - Shot by Teuvo Teravainen.
10:09 of 1st period - Stopped by Cam Ward without a rebound.
10:10 of 1st period - Mike Ribeiro wins face-off versus Ryan Kesler in Capitals zone.
10:22 of 1st period - Taylor Hall is hit by Adam Larsson and loses puck.
11:14 of 1st period - Off-side.
11:15 of 1st period - Auston Matthews wins face-off versus Sergey Kalinin in neutral zone.
11:32 of 1st period - Shot by Gustav Nyquist.
11:32 of 1st period - Shot Misses the Net.
11:34 of 1st period - Shot by Jay Bouwmeester.
11:34 of 1st period - Shot Misses the Net.
11:45 of 1st period - Sergey Kalinin is hit by Ian Cole and loses puck.
12:08 of 1st period - Shot by Viktor Stalberg.
12:08 of 1st period - Shot Misses the Net.
12:34 of 1st period - Ivan Provorov is hit by Viktor Stalberg and loses puck.
13:01 of 1st period - Shot by Taylor Hall.
13:01 of 1st period - Stopped by Cam Talbot with a rebound.
13:03 of 1st period - Shot by Ryan Kesler.
13:03 of 1st period - Stopped by Cam Talbot with a rebound.
13:17 of 1st period - Shot by Ryan Kesler.
13:17 of 1st period - Deflect By Alexander Ovechkin.
13:17 of 1st period - Shot Misses the Net.
13:49 of 1st period - Shot by Sergey Kalinin.
13:49 of 1st period - Shot Misses the Net.
13:51 of 1st period - Shot by Lukas Sedlak.
13:51 of 1st period - Shot Misses the Net.
13:58 of 1st period - Off-side.
13:59 of 1st period - Cody Eakin wins face-off versus Auston Matthews in neutral zone.
14:09 of 1st period - Shot by Jakob Silfverberg.
14:09 of 1st period - Stopped by Cam Ward without a rebound.
14:10 of 1st period - Mike Ribeiro wins face-off versus Mathieu Perreault in Capitals zone.
15:20 of 1st period - Shot by Ryan Kesler.
15:20 of 1st period - Stopped by Cam Talbot without a rebound.
15:21 of 1st period - Sergey Kalinin wins face-off versus Nick Shore in Canadiens zone.
15:21 of 1st period - David Desharnais is hit by Ian Cole.
15:24 of 1st period - Icing by Jay Bouwmeester.
15:25 of 1st period - Sergey Kalinin wins face-off versus Nick Shore in Canadiens zone.
15:26 of 1st period - Shot by David Desharnais.
15:26 of 1st period - Stopped by Cam Talbot without a rebound.
15:27 of 1st period - Alexander Ovechkin wins face-off versus Auston Matthews in Canadiens zone.
15:38 of 1st period - Shot by Jakob Silfverberg.
15:38 of 1st period - Goal by Jakob Silfverberg - Canadiens : 2 - Capitals : 2.
15:39 of 1st period - Sergey Kalinin wins face-off versus Nick Shore in neutral zone.
16:04 of 1st period - Shot by Ryan McDonagh.
16:04 of 1st period - Shot Blocked by Ian Cole.
16:06 of 1st period - Shot by Ryan McDonagh.
16:06 of 1st period - Shot Misses the Net.
16:12 of 1st period - Shot by Lukas Sedlak.
16:12 of 1st period - Shot Misses the Net.
16:37 of 1st period - Off-side.
16:38 of 1st period - Cody Eakin wins face-off versus Auston Matthews in neutral zone.
17:03 of 1st period - Shot by Gustav Nyquist.
17:03 of 1st period - Stopped by Cam Ward without a rebound.
17:04 of 1st period - John Tavares wins face-off versus Ryan Kesler in Capitals zone.
17:05 of 1st period - Shot by Marcus Johansson.
17:05 of 1st period - Shot Blocked by Morgan Rielly.
17:07 of 1st period - Shot by Jordan Eberle.
17:07 of 1st period - Deflect By Marcus Johansson.
17:07 of 1st period - Shot Blocked by Ryan McDonagh.
17:19 of 1st period - Shot by John Tavares.
17:19 of 1st period - Shot Hit the Post.
17:21 of 1st period - Shot by Josh Morrissey.
17:21 of 1st period - Goal by Josh Morrissey - Canadiens : 3 - Capitals : 2.
17:22 of 1st period - Sergey Kalinin wins face-off versus Mike Ribeiro in neutral zone.
19:30 of 1st period - Marcus Johansson is hit by Viktor Stalberg and loses puck.
19:35 of 1st period - Cody Eakin is hit by Marcus Johansson and loses puck.
19:45 of 1st period - Icing by Dmitri Orlov.
19:46 of 1st period - Justin Abdelkader wins face-off versus Cody Eakin in Capitals zone.
19:46 of 1st period - Nick Shore is hit by Dmitri Orlov and loses puck.
19:55 of 1st period - Shot by Zack Smith.
19:55 of 1st period - Shot Misses the Net.
19:56 of 1st period - Minor Penalty to Dmitri Orlov for High sticking.
19:57 of 1st period - Ryan Kesler wins face-off versus Marcus Johansson in Capitals zone.
Goals for this period are 3 for Canadiens vs 2 for Capitals.
Shots for this period are 8 for Canadiens vs 10 for Capitals.

2nd period


0:01 of 2nd period - John Tavares wins face-off versus Ryan Kesler in neutral zone.
0:08 of 2nd period - Shot by Auston Matthews.
0:08 of 2nd period - Shot Hit the Post.
0:55 of 2nd period - Icing by Josh Morrissey.
0:56 of 2nd period - Ryan Kesler wins face-off versus John Tavares in Canadiens zone.
1:25 of 2nd period - Shot by Cam Fowler.
1:25 of 2nd period - Stopped by Cam Ward without a rebound.
1:26 of 2nd period - Ryan Kesler wins face-off versus Mike Ribeiro in Capitals zone.
3:59 of 2nd period - Shot by Jakob Silfverberg.
3:59 of 2nd period - Shot Blocked by Dmitri Orlov.
4:01 of 2nd period - Shot by Auston Matthews.
4:01 of 2nd period - Shot Misses the Net.
4:25 of 2nd period - Shot by Jordan Eberle.
4:25 of 2nd period - Stopped by Cam Ward with a rebound.
4:32 of 2nd period - Minor Penalty to Ian Cole for Roughing.
4:33 of 2nd period - Ryan Kesler wins face-off versus Zack Smith in Canadiens zone.
4:58 of 2nd period - Shot by Ryan Kesler.
4:58 of 2nd period - Deflect By Alexander Ovechkin.
4:58 of 2nd period - Shot Misses the Net.
5:00 of 2nd period - Shot by Taylor Hall.
5:00 of 2nd period - Stopped by Cam Talbot without a rebound.
5:01 of 2nd period - Ryan Kesler wins face-off versus Nick Shore in Canadiens zone.
5:08 of 2nd period - Shot by Alexander Ovechkin.
5:08 of 2nd period - Stopped by Cam Talbot without a rebound.
5:09 of 2nd period - Nick Shore wins face-off versus Alexander Ovechkin in Canadiens zone.
5:28 of 2nd period - Cam Fowler is hit by Ryan Kesler and loses puck.
5:35 of 2nd period - Shot by Alexander Ovechkin.
5:35 of 2nd period - Stopped by Cam Talbot without a rebound.
5:36 of 2nd period - Viktor Stalberg wins face-off versus Zack Smith in Canadiens zone.
5:37 of 2nd period - Shot by Mike Green.
5:37 of 2nd period - Stopped by Cam Talbot without a rebound.
5:38 of 2nd period - Ryan Kesler wins face-off versus Zack Smith in Canadiens zone.
6:36 of 2nd period - Cody Eakin is hit by Josh Morrissey and loses puck.
7:14 of 2nd period - Icing by Ivan Provorov.
7:15 of 2nd period - John Tavares wins face-off versus Mathieu Perreault in Canadiens zone.
8:50 of 2nd period - Taylor Hall is hit by Auston Matthews and loses puck.
9:05 of 2nd period - Shot by Jakob Silfverberg.
9:05 of 2nd period - Shot Misses the Net.
9:10 of 2nd period - Icing by Andrew Desjardins.
9:11 of 2nd period - Ryan Kesler wins face-off versus John Tavares in Capitals zone.
10:13 of 2nd period - Icing by Mike Green.
10:14 of 2nd period - David Desharnais wins face-off versus Auston Matthews in Capitals zone.
10:36 of 2nd period - Shot by Gustav Nyquist.
10:36 of 2nd period - Shot Misses the Net.
10:49 of 2nd period - Jakob Silfverberg is hit by Mike Green and loses puck.
11:14 of 2nd period - Shot by Nick Shore.
11:14 of 2nd period - Deflect By Zack Smith.
11:14 of 2nd period - Stopped by Cam Ward without a rebound.
11:15 of 2nd period - Ryan Kesler wins face-off versus Mike Ribeiro in Capitals zone.
11:36 of 2nd period - Shot by Alexander Ovechkin.
11:36 of 2nd period - Shot Blocked by Ian Cole.
11:38 of 2nd period - Shot by Alexander Ovechkin.
11:38 of 2nd period - Shot Misses the Net.
12:18 of 2nd period - Shot by Viktor Stalberg.
12:18 of 2nd period - Shot Blocked by Mike Ribeiro.
12:20 of 2nd period - Shot by Cody Eakin.
12:20 of 2nd period - Shot Blocked by Artturi Lehkonen.
12:59 of 2nd period - Shot by Jakob Silfverberg.
12:59 of 2nd period - Shot Blocked by Dmitri Orlov.
13:01 of 2nd period - Shot by Cam Fowler.
13:01 of 2nd period - Goal by Cam Fowler - Canadiens : 4 - Capitals : 2.
13:01 of 2nd period - Chris Driedger enters game.
13:02 of 2nd period - Ryan Kesler wins face-off versus Marcus Johansson in neutral zone.
14:02 of 2nd period - Off-side.
14:03 of 2nd period - Auston Matthews wins face-off versus Cody Eakin in neutral zone.
14:06 of 2nd period - Cody Eakin is hit by Auston Matthews and loses puck.
19:26 of 2nd period - Jordan Eberle is hit by Alexander Ovechkin and loses puck.
19:55 of 2nd period - Shot by John Tavares.
19:55 of 2nd period - Stopped by Chris Driedger with a rebound.
19:57 of 2nd period - Shot by Marcus Johansson.
19:57 of 2nd period - Stopped by Chris Driedger without a rebound.
19:58 of 2nd period - Cody Eakin wins face-off versus Mike Ribeiro in Capitals zone.
Goals for this period are 1 for Canadiens vs 0 for Capitals.
Shots for this period are 6 for Canadiens vs 4 for Capitals.

3rd period


0:01 of 3rd period - Ryan Kesler wins face-off versus Auston Matthews in neutral zone.
0:16 of 3rd period - Ryan McDonagh is hit by Adam Larsson.
0:18 of 3rd period - Shot by Taylor Hall.
0:18 of 3rd period - Stopped by Cam Talbot without a rebound.
0:19 of 3rd period - Sergey Kalinin wins face-off versus John Tavares in Canadiens zone.
0:27 of 3rd period - Icing by Jay Bouwmeester.
0:28 of 3rd period - Ryan Kesler wins face-off versus John Tavares in Canadiens zone.
1:04 of 3rd period - Ryan Kesler is hit by Jordan Eberle and loses puck.
1:26 of 3rd period - Icing by Ryan McDonagh.
1:27 of 3rd period - Ryan Kesler wins face-off versus Mike Ribeiro in Capitals zone.
1:53 of 3rd period - Icing by Jack Johnson.
1:54 of 3rd period - Ryan Kesler wins face-off versus Auston Matthews in Capitals zone.
2:15 of 3rd period - Off-side.
2:16 of 3rd period - Sergey Kalinin wins face-off versus John Tavares in neutral zone.
2:33 of 3rd period - Icing by Sergey Kalinin.
2:34 of 3rd period - Auston Matthews wins face-off versus Sergey Kalinin in Capitals zone.
3:30 of 3rd period - Shot by John Tavares.
3:30 of 3rd period - Stopped by Chris Driedger without a rebound.
3:31 of 3rd period - Teuvo Teravainen wins face-off versus Cody Eakin in Capitals zone.
3:45 of 3rd period - Shot by Cody Eakin.
3:45 of 3rd period - Deflect By Derek Dorsett.
3:45 of 3rd period - Stopped by Cam Talbot with a rebound.
4:23 of 3rd period - Shot by Marcus Johansson.
4:23 of 3rd period - Shot Blocked by Andrew Desjardins.
5:17 of 3rd period - Shot by Adam Larsson.
5:17 of 3rd period - Shot Misses the Net.
5:23 of 3rd period - Jakob Silfverberg is hit by Taylor Hall and loses puck.
5:53 of 3rd period - Calvin de Haan is hit by Justin Abdelkader and loses puck.
6:40 of 3rd period - Shot by Mike Ribeiro.
6:40 of 3rd period - Stopped by Chris Driedger with a rebound.
6:49 of 3rd period - Teuvo Teravainen is hit by Jack Johnson and loses puck.
6:58 of 3rd period - Shot by Teuvo Teravainen.
6:58 of 3rd period - Shot Misses the Net.
7:16 of 3rd period - Shot by John Tavares.
7:16 of 3rd period - Shot Misses the Net.
7:59 of 3rd period - Icing by Ivan Provorov.
8:00 of 3rd period - Auston Matthews wins face-off versus Ryan Kesler in Canadiens zone.
8:00 of 3rd period - Auston Matthews is hit by Alexander Ovechkin.
8:25 of 3rd period - Icing by Calvin de Haan.
8:26 of 3rd period - Artturi Lehkonen wins face-off versus Ryan Kesler in Capitals zone.
8:31 of 3rd period - Shot by Teuvo Teravainen.
8:31 of 3rd period - Stopped by Chris Driedger without a rebound.
8:32 of 3rd period - David Desharnais wins face-off versus Mike Ribeiro in Capitals zone.
8:32 of 3rd period - David Desharnais is hit by Teuvo Teravainen.
8:35 of 3rd period - Icing by Dmitri Orlov.
8:36 of 3rd period - Auston Matthews wins face-off versus Sergey Kalinin in Capitals zone.
8:36 of 3rd period - Jakob Silfverberg is hit by Andrew Desjardins and loses puck.
8:40 of 3rd period - Jakob Silfverberg is hit by Dmitri Orlov and loses puck.
8:43 of 3rd period - Shot by Auston Matthews.
8:43 of 3rd period - Shot Blocked by Dmitri Orlov.
8:45 of 3rd period - Shot by Jay Bouwmeester.
8:45 of 3rd period - Stopped by Chris Driedger with a rebound.
8:47 of 3rd period - Shot by Gustav Nyquist.
8:47 of 3rd period - Stopped by Chris Driedger without a rebound.
8:48 of 3rd period - Ryan Kesler wins face-off versus John Tavares in Capitals zone.
9:53 of 3rd period - Shot by Jakob Silfverberg.
9:53 of 3rd period - Stopped by Chris Driedger without a rebound.
9:54 of 3rd period - Sergey Kalinin wins face-off versus Teuvo Teravainen in Capitals zone.
10:19 of 3rd period - Off-side.
10:20 of 3rd period - Auston Matthews wins face-off versus Mathieu Perreault in neutral zone.
10:23 of 3rd period - Shot by Auston Matthews.
10:23 of 3rd period - Deflect By Gustav Nyquist.
10:23 of 3rd period - Shot Misses the Net.
10:45 of 3rd period - Shot by Viktor Stalberg.
10:45 of 3rd period - Shot Misses the Net.
10:47 of 3rd period - Shot by Viktor Stalberg.
10:47 of 3rd period - Shot Misses the Net.
10:49 of 3rd period - Shot by Mathieu Perreault.
10:49 of 3rd period - Stopped by Cam Talbot without a rebound.
10:50 of 3rd period - Sergey Kalinin wins face-off versus John Tavares in Canadiens zone.
10:59 of 3rd period - Shot by Sergey Kalinin.
10:59 of 3rd period - Deflect By Lukas Sedlak.
10:59 of 3rd period - Shot Misses the Net.
11:01 of 3rd period - Shot by Lukas Sedlak.
11:01 of 3rd period - Stopped by Cam Talbot without a rebound.
11:02 of 3rd period - Mike Ribeiro wins face-off versus Ryan Kesler in Canadiens zone.
11:25 of 3rd period - Shot by Artturi Lehkonen.
11:25 of 3rd period - Shot Misses the Net.
11:27 of 3rd period - Shot by Ivan Provorov.
11:27 of 3rd period - Stopped by Chris Driedger without a rebound.
11:28 of 3rd period - Auston Matthews wins face-off versus Sergey Kalinin in Capitals zone.
11:28 of 3rd period - Auston Matthews is hit by Mike Green.
11:54 of 3rd period - Shot by Auston Matthews.
11:54 of 3rd period - Goal by Auston Matthews - Canadiens : 5 - Capitals : 2.
11:55 of 3rd period - Ryan Kesler wins face-off versus John Tavares in neutral zone.
13:48 of 3rd period - Josh Morrissey is hit by Mike Green and loses puck.
13:53 of 3rd period - Shot by Teuvo Teravainen.
13:53 of 3rd period - Stopped by Chris Driedger without a rebound.
13:54 of 3rd period - Mathieu Perreault wins face-off versus Nick Shore in Capitals zone.
13:54 of 3rd period - Dmitri Orlov is hit by Zack Smith.
14:08 of 3rd period - Shot by Mathieu Perreault.
14:08 of 3rd period - Shot Blocked by Jay Bouwmeester.
14:10 of 3rd period - Shot by Cody Eakin.
14:10 of 3rd period - Deflect By Mathieu Perreault.
14:10 of 3rd period - Shot Misses the Net.
14:12 of 3rd period - Shot by Cody Eakin.
14:12 of 3rd period - Stopped by Cam Talbot with a rebound.
14:14 of 3rd period - Shot by Cody Eakin.
14:14 of 3rd period - Goal by Cody Eakin - Canadiens : 5 - Capitals : 3.
14:15 of 3rd period - John Tavares wins face-off versus Cody Eakin in neutral zone.
14:43 of 3rd period - Minor Penalty to Ivan Provorov for High sticking.
14:44 of 3rd period - Ryan Kesler wins face-off versus Zack Smith in Canadiens zone.
15:22 of 3rd period - Icing by Calvin de Haan.
15:23 of 3rd period - Ryan Kesler wins face-off versus Nick Shore in Capitals zone.
15:32 of 3rd period - Shot by Alexander Ovechkin.
15:32 of 3rd period - Shot Misses the Net.
17:16 of 3rd period - Sergey Kalinin is hit by John Tavares and loses puck.
17:23 of 3rd period - Shot by John Tavares.
17:23 of 3rd period - Stopped by Chris Driedger without a rebound.
17:24 of 3rd period - Mike Ribeiro wins face-off versus Cody Eakin in Capitals zone.
17:25 of 3rd period - Shot by Teuvo Teravainen.
17:25 of 3rd period - Shot Misses the Net.
17:27 of 3rd period - Shot by Adam Larsson.
17:27 of 3rd period - Shot Misses the Net.
17:29 of 3rd period - Shot by Artturi Lehkonen.
17:29 of 3rd period - Stopped by Chris Driedger without a rebound.
17:30 of 3rd period - Gustav Nyquist wins face-off versus Ryan Kesler in Capitals zone.
17:39 of 3rd period - Shot by Gustav Nyquist.
17:39 of 3rd period - Shot Misses the Net.
18:02 of 3rd period - Icing by Ryan Kesler.
18:03 of 3rd period - John Tavares wins face-off versus Ryan Kesler in Capitals zone.
18:04 of 3rd period - Shot by Jordan Eberle.
18:04 of 3rd period - Stopped by Chris Driedger with a rebound.
18:06 of 3rd period - Shot by Cam Fowler.
18:06 of 3rd period - Shot Misses the Net.
18:16 of 3rd period - Shot by John Tavares.
18:16 of 3rd period - Deflect By Marcus Johansson.
18:16 of 3rd period - Stopped by Chris Driedger without a rebound.
18:17 of 3rd period - Mike Ribeiro wins face-off versus Lukas Sedlak in Capitals zone.
18:42 of 3rd period - Josh Morrissey is hit by Lukas Sedlak and loses puck.
19:44 of 3rd period - Icing by Dmitri Orlov.
19:45 of 3rd period - John Tavares wins face-off versus Mathieu Perreault in Capitals zone.
19:45 of 3rd period - John Tavares is hit by Dmitri Orlov.
19:52 of 3rd period - Marcus Johansson is hit by Andrew Desjardins and loses puck.
Goals for this period are 1 for Canadiens vs 1 for Capitals.
Shots for this period are 13 for Canadiens vs 6 for Capitals.